 Dungeon Crawl Stone Soup version 0.25.0-9-g26727b657a (webtiles) character file.

Game seed: 5786286906605044504

763 vurker the Chopper (level 7, -10/54 HPs)
             Began as a Hill Orc Gladiator on June 16, 2020.
             Was a Believer of Hepliaklqana.
             Mangled by an ogre
             ... wielding a +0 giant spiked club
              (27 damage)
             ... on level 6 of the Dungeon.
             The game lasted 00:07:24 (4497 turns).

vurker the Chopper (Hill Orc Gladiator)             Turns: 4497, Time: 00:07:25

Health: -10/54     AC: 15    Str: 19    XL:     7   Next: 81%
Magic:  8/9        EV:  6    Int:  8    God:    Hepliaklqana [**....]
Gold:   220        SH:  3    Dex: 12    Spells: 6/6 levels left

rFire    . . .     SeeInvis .   a - +0 war axe
rCold    . . .     Gourm    .   y - +0 buckler
rNeg     + . .     Faith    .   q - +0 plate armour
rPois    .         Spirit   .   w - +2 helmet
rElec    .         Reflect  .   (no cloak)
rCorr    +         Harm     .   (no gloves)
MR       .....                  j - +0 pair of boots
Stlth    ..........             (no amulet)
HPRegen  0.18/turn              x - ring of resist corrosion
MPRegen  0.11/turn              o - ring of positive energy

@: no status effects
A: reduced essence
a: Recall Ancestor, Ancestor Identity, Renounce Religion


You were on level 6 of the Dungeon.
You worshipped Hepliaklqana.
Hepliaklqana was pleased with you.
You were hungry.

You visited 1 branch of the dungeon, and saw 6 of its levels.

You collected 220 gold pieces.

Inventory:

Hand Weapons
 a - a +0 war axe (weapon)
Missiles
 d - 3 throwing nets (quivered)
Armour
 j - a +0 pair of boots (worn)
   (You found it on level 1 of the Dungeon)
 q - a +0 plate armour (worn)
   (You found it on level 4 of the Dungeon)
 w - a +2 helmet (worn)
   (You found it on level 5 of the Dungeon)
 y - a +0 buckler (worn)
   (You found it on level 6 of the Dungeon)
Jewellery
 o - a ring of positive energy (right hand)
   (You found it on level 4 of the Dungeon)
 x - a ring of resist corrosion (left hand)
   (You found it on level 3 of the Dungeon)
Scrolls
 b - a scroll of blinking
 c - 2 scrolls of identify
 g - 2 scrolls of remove curse
 r - a scroll of amnesia {unknown}
 v - 2 scrolls of teleportation
Potions
 f - 2 potions of lignification
 h - a potion of resistance {unknown}
 i - a potion of degeneration {unknown}
 k - 2 potions of might
 l - 4 potions of curing
 m - a potion of stabbing {unknown}
 n - a potion of cancellation {unknown}
 p - a potion of brilliance {unknown}
 s - 2 potions of invisibility
 t - a potion of haste
 u - 2 potions of flight {unknown}
Comestibles
 e - 14 rations


   Skills:
 + Level 4.8 Fighting
 * Level 7.7 Axes
 - Level 1.7 Throwing
 + Level 3.5 Armour
 + Level 3.8 Dodging
 + Level 0.4 Shields
 + Level 2.7 Invocations


You had 6 spell levels left.
You didn't know any spells.
Your spell library contained the following spells:

 Spells                   Type           Power        Failure   Level  Hunger
 Animate Skeleton         Necr           N/A          100%        1    ##.....
 Pain                     Necr           #...         100%        1    ##.....
 Vampiric Draining        Necr           #.........   100%        3    ####...
 Animate Dead             Necr           N/A          100%        4    #####..
 Agony                    Necr           #.......     100%        5    ######.


Dungeon Overview and Level Annotations

Branches:
Dungeon (6/15)             Temple (0/1) D:5

Altars:
Hepliaklqana

Annotations:
D:5 2 transporters, LohmatiyShmel's ghost, novice DrIE


Message History

A gnoll comes into view. It is wielding a +0 whip.
A gnoll comes into view. It is wielding a +0 halberd.
You barely miss the bullfrog.
The bullfrog hits you but does no damage.
Khabaw barely misses the bullfrog.
You block the bullfrog's attack.
You closely miss the bullfrog. The bullfrog barely misses you.
Khabaw closely misses the bullfrog.
The bullfrog hits you.
You closely miss the bullfrog. The gnoll hits you but does no damage.
The bullfrog hits you but does no damage.
Khabaw closely misses the bullfrog.
You slash the bullfrog!
You kill the bullfrog!
The gnoll hits you from afar with a +0 halberd.
You hit the ogre.
The gnoll barely misses Khabaw.
The gnoll barely misses you.
Khabaw barely misses the gnoll.
The ogre hits you with a +0 giant spiked club!
The gnoll hits Khabaw with a +0 whip.
You hit the ogre.
The gnoll hits you from afar with a +0 halberd.
The gnoll barely misses you.
Khabaw hits the gnoll with a +0 quarterstaff!
The gnoll dies!
You block the ogre's attack.
The gnoll hits Khabaw with a +0 whip!
You hit the ogre.
Khabaw barely misses the gnoll.
You block the gnoll's attack.
The gnoll hits Khabaw with a +0 whip!
The ogre hits you with a +0 giant spiked club.
* * * LOW HITPOINT WARNING * * *
Okay, then.
Okay, then.
Your plate armour prevents you from hitting the ogre.
You hit the gnoll.
Khabaw hits the gnoll with a +0 quarterstaff.
The gnoll hits you from afar with a +0 halberd.
* * * LOW HITPOINT WARNING * * *
The gnoll barely misses Khabaw.
Unknown command.
You slash the ogre! You completely miss the gnoll.
The ogre hits you but does no damage.
Khabaw barely misses the gnoll.
The gnoll barely misses you. You block the gnoll's attack.
The gnoll hits Khabaw with a +0 whip!
Unknown command.
Unknown command.
You slash the ogre! You barely miss the gnoll.
Khabaw hits the gnoll with a +0 quarterstaff!
The gnoll dies!
The gnoll hits you with a +0 whip.
* * * LOW HITPOINT WARNING * * *
The ogre hits you with a +0 giant spiked club!!
Ouch! That really hurt!
You die...

.......# .##......##
..........##...##
#<........#....##. .
.#................ .
.....)..........# .## ..
.....)RO##.....###..##.#
#.g.@.#.....##......#
#...g............(..
###.?..........#...
#.........##..#
#............(#
##.......#...##
###.....#....###
#.............###
#.............##.


You could see the friendly Khabaw the battlemage, an ogre and 2 gnolls.

Vanquished Creatures
  An ice beast (D:5)
  An ogre (D:3)
  A bullfrog (D:6)
  3 hounds
  An orc wizard (D:4)
  A bullfrog skeleton (D:4)
  Jessica (D:2)
  A hound skeleton (D:4)
  5 adders
  A howler monkey skeleton (D:4)
  An ooze (D:3)
  An adder skeleton (D:5)
  A worm (D:2)
  A leopard gecko (D:3)
  14 orcs
  A ball python (D:3)
  4 giant cockroaches
  9 goblins
  8 hobgoblins
  4 jackals
  3 quokkas
  9 bats
  3 frilled lizards
  8 kobolds
  11 rats
94 creatures vanquished.

Vanquished Creatures (collateral kills)
  A bullfrog zombie (D:5)
  An orc priest (D:4)
  2 orc wizards (D:4)
  A worker ant (D:5)
  2 gnolls (D:6)
  An adder (D:4)
  An ooze (D:5)
  4 orcs (D:4)
  A giant cockroach (D:5)
  A hobgoblin (D:5)
  A kobold (D:3)
16 creatures vanquished.

Vanquished Creatures (others)
  An ancestor (D:3)
1 creature vanquished.

Grand Total: 111 creatures vanquished

Notes
Turn   | Place    | Note
-------+----------+-------------------------------------------
     0 | D:1      | vurker the Hill Orc Gladiator began the quest for the Orb.
     0 | D:1      | Reached XP level 1. HP: 18/18 MP: 1/1
   163 | D:1      | Reached XP level 2. HP: 8/25 MP: 2/2
   727 | D:1      | Reached skill level 1 in Armour
   756 | D:1      | Reached XP level 3. HP: 28/30 MP: 3/3
  1727 | D:2      | Reached skill level 5 in Axes
  1727 | D:2      | Reached XP level 4. HP: 38/38 MP: 4/4
  1772 | D:2      | Found a faded altar of an unknown god.
  2130 | D:2      | Became a worshipper of Hepliaklqana the Forgotten
  2130 | D:2      | Reached * piety under Hepliaklqana
  2168 | D:2      | Noticed Jessica
  2173 | D:2      | Killed Jessica
  2173 | D:2      | Reached XP level 5. HP: 36/40 MP: 5/5
  2609 | D:3      | Noticed an ogre
  2617 | D:3      | Killed an ogre
  2617 | D:3      | Reached skill level 6 in Axes
  2617 | D:3      | Reached XP level 6. HP: 46/46 MP: 6/6
  2989 | D:4      | Reached skill level 1 in Invocations
  3207 | D:4      | Reached ** piety under Hepliaklqana
  3209 | D:4      | Remembered your ancestor Khabaw as a battlemage
  3391 | D:4      | Reached skill level 7 in Axes
  3391 | D:4      | Reached XP level 7. HP: 42/54 MP: 8/8
  3869 | D:5      | Entered Level 5 of the Dungeon
  3894 | D:5      | Found a transporter.
  3894 | D:5      | Noticed LohmatiyShmel's ghost (novice DrIE)
  3896 | D:5      | Found a transporter.
  4201 | D:5      | Found a staircase to the Ecumenical Temple.
  4497 | D:6      | Mangled by an ogre

Illustrated notes

Levels and vault maps discovered:
D:1:      nzn_arrival_depleted_hourglass, layout_loops_corners,
          minmay_misc_feat_cross
D:2:      layout_loops_ring, first_ration, chequers_ecumenical_altar_simple,
          uniq_jessica
D:3:      layout_rooms
D:4:      layout_basic, fountainhead, st_stairs_13
D:5:      layout_cave_pools, lemuel_temple_firewalk_b, gammafunk_ghost_mausoleum
D:6:      layout_cave_pools, marbit_many_paths, serial_shops, shop,
          kennysheep_nondescript

Skill      XL: |  1  2  3  4  5  6  7 |
---------------+----------------------+-----
Armour         | 1 2 3 |  3.5
Fighting       | 3 4 |  4.8
Axes           | 5 6 7 |  7.7
Dodging        | 3 |  3.8
Invocations    | 1 2 |  2.7
Throwing       | |  1.7
Shields        | |  0.4

Action                   |  1- 3 |  4- 6 |  7- 9 || total
-------------------------+-------+-------+-------++-------
Melee: War axe           |   110 |   127 |    53 ||   290
Invok: Recall Ancestor   |       |     1 |       ||     1
       Ancestor Life: Ba |       |     1 |       ||     1
  Use: Scroll            |       |    10 |     2 ||    12
 Stab: Distracted        |       |     1 |       ||     1
  Eat: Chunk             |     3 |     5 |     3 ||    11
Armor: Leather armour    |    34 |    16 |       ||    50
       Scale mail        |       |    27 |       ||    27
       Plate armour      |       |    21 |    39 ||    60
Dodge: Dodged            |    70 |    72 |    22 ||   164
Block: Buckler           |       |       |     4 ||     4
